 Dungeon Crawl Stone Soup version 0.28-a0-1510-gd0f6b136d3 (webtiles) character file.

Game seed: 4045157294610453766

83 porpoise the Insei (level 4, 0/34 HPs)
             Began as a Demonspawn Transmuter on Jan 16, 2022.
             Killed by nerve-wracking pain
             ... invoked by a shadow imp
             ... summoned by Natasha
              (11 damage)
             ... on level 3 of the Dungeon.
             The game lasted 00:07:50 (2371 turns).

porpoise the Insei (Demonspawn Transmuter)          Turns: 2371, Time: 00:07:51

Health: 0/34       AC:  3    Str: 12    XL:     4   Next: 22%
Magic:  6/7        EV: 11    Int: 14    God:
Gold:   58         SH:  0    Dex: 14    Spells: 6/7 levels left

rFire   . . .      SeeInvis .   b - +0 short sword (drain)
rCold   . . .      Faith    .   (no shield)
rNeg    . . .      Spirit   .   g - +0 leather armour
rPois   .          Reflect  .   (helmet currently unavailable)
rElec   .          Harm     .   (no cloak)
rCorr   .          Rampage  .   (no gloves)
Will    .....                   (boots currently unavailable)
Stlth   ++........              (no amulet)
HPRegen 0.11/turn               (no ring)
MPRegen 0.10/turn               (no ring)

@: appendages (expiring), slowed, very slow
A: talons 2, horns 1
a: End Transformation


You were on level 3 of the Dungeon.
You had temporarily grown beastly talons.
You visited 1 branch of the dungeon, and saw 3 of its levels.

You collected 58 gold pieces.

Inventory:

Hand Weapons
 b - a +0 short sword of draining (weapon)
Missiles
 h - 62 stones
 i - 39 bolts
 k - 3 poisoned darts
 m - 23 arrows
 p - 20 sling bullets
Armour
 g - a +0 leather armour (worn)
Jewellery
 c - a ring of protection from cold
 f - a ring of resist corrosion
Scrolls
 e - a scroll of silence {unknown}
 j - a scroll of amnesia {unknown}
 n - a scroll of identify {unknown}
 w - 4 scrolls of enchant weapon {unknown}
Potions
 a - 2 potions of degeneration {unknown}
 d - a potion of lignification {unknown}
 l - a potion of attraction {unknown}
 o - a potion of mutation {unknown}


   Skills:
 * Level 2.6 Fighting
 - Level 1.7 Dodging
 + Level 1.4 Stealth
 * Level 3.5 Unarmed Combat
 - Level 2.0 Spellcasting
 - Level 1.7 Transmutations


You had 6 spell levels left.
You knew the following spells:

 Your Spells              Type           Power      Damage    Failure   Level
a - Beastly Appendage     Tmut           12%        N/A       14%         1

Your spell library contained the following spells:

 Spells                   Type           Power      Damage    Failure   Level
 Wereblood                Tmut           6%         N/A       22%         2
 Spider Form              Tmut/Pois      3%         N/A       54%         3
 Ice Form                 Ice/Tmut       3%         N/A       91%         4


Dungeon Overview and Level Annotations

Branches:
Dungeon (3/15)

Altars:

Annotations:
D:3 Natasha


Innate Abilities, Weirdness & Mutations

You have temporarily grown beastly talons.
You have a pair of small horns on your head.


Message History

Natasha mumbles some strange words.
You feel troubled. The shadow imp barely misses you.
The shadow imp hits you but does no damage.
You barely miss the shadow imp.
The ball python hisses angrily.
You punch the shadow imp.
The shadow imp is moderately wounded.
The shadow imp closely misses you.
The shadow imp hits you but does no damage.
Natasha mumbles some strange words.
The shadow imp closely misses you. The shadow imp misses you.
You barely miss the shadow imp.
The shadow imp is moderately wounded.
The shadow imp gestures at you. Pain shoots through your body!
The shadow imp hits you but does no damage.
Casting: Beastly Appendage (safe; 14% risk of failure)
Confirm with . or Enter, or press ? or * to list all spells.
Your feet morph into talons.
Your transformation is almost over.
The shadow imp barely misses you.
The shadow imp hits you but does no damage.
The shadow imp barely misses you. The shadow imp hits you.
You hit the shadow imp. Your kick misses the shadow imp.
The shadow imp is moderately wounded.
The shadow imp hits you but does no damage.
The shadow imp hits you.
You hit the shadow imp.
The shadow imp is moderately wounded.
The shadow imp closely misses you. The shadow imp hits you.
The shadow imp misses you. The shadow imp hits you.
Unknown command.
You hit the shadow imp but do no damage.
Your kick misses the shadow imp.
The shadow imp is moderately wounded.
The shadow imp misses you. The shadow imp hits you.
The shadow imp gestures at you. Pain shoots through your body!
You die...

..# ... #.# #.#
.S. # #h# # #.#
#.#5# .# #.#
#.#@##..#.# #.#
#5.5....... #.#
###.#####.# #.#
##)....... # #.#
##...####.#
#.#.###..>..###.
#.#...†.........#
#...###.....#####
###.# ##...##


You could see Natasha, 3 shadow imps and a ball python.

Vanquished Creatures
  3 adders (D:2)
  A dart slug (D:2)
  3 endoplasms
  A giant cockroach (D:2)
  4 goblins
  2 hobgoblins (D:1)
  5 jackals
  6 kobolds
  2 quokkas (D:1)
  10 ball pythons
  4 bats
  4 frilled lizards
  5 rats (D:1)
50 creatures vanquished.

Notes
Turn   | Place    | Note
-------+----------+-------------------------------------------
     0 | D:1      | porpoise the Demonspawn Transmuter began the quest for the
                  | Orb.
     0 | D:1      | Reached XP level 1. HP: 15/15 MP: 3/3
    10 | D:1      | You fall into a shaft and drop 1 floor!
   331 | D:2      | Discovered your monstrous ancestry.
   331 | D:2      | Mutation became permanent: You have a pair of small horns
                  | on your head. [demonic ancestry]
   331 | D:2      | Gained mutation: You have a pair of horns on your head.
                  | [demonic ancestry]
   331 | D:2      | Reached XP level 2. HP: 20/21 MP: 3/5
   372 | D:2      | Reached skill level 3 in Unarmed Combat
   764 | D:1      | Reached XP level 3. HP: 27/27 MP: 4/6
   790 | D:1      | Reached skill level 1 in Stealth
   932 | D:1      | Found a faded altar of an unknown god.
  1994 | D:2      | Reached XP level 4. HP: 24/34 MP: 7/7
  2356 | D:3      | Noticed Natasha
  2371 | D:3      | Killed from afar by a shadow imp

Illustrated notes

Levels and vault maps discovered:
D:1:      eino_arrival_water_cross, layout_loops_ring,
          shapermc_ecumenical_altar_petra
D:2:      layout_basic
D:3:      layout_loops_ring, uniq_natasha

Skill      XL: |  1  2  3 |
---------------+----------+-----
Unarmed Combat | 3 |  3.5
Fighting       | 2 |  2.6
Stealth        | 1 |  1.4
Dodging        | |  1.7
Spellcasting   | |  2.0
Transmutations | |  1.7

Action                   |  1- 3 |  4- 6 || total
-------------------------+-------+-------++-------
Melee: Unarmed           |    80 |       ||    80
       Headbutt          |    10 |     1 ||    11
       Kick              |    13 |       ||    13
       Punch             |     2 |     1 ||     3
       Short sword       |    15 |    19 ||    34
 Cast: Beastly Appendage |    25 |     1 ||    26
Armor: Robe              |     3 |       ||     3
       Leather armour    |    20 |     8 ||    28
Dodge: Dodged            |    60 |    20 ||    80

Table legend: (Time is in decaauts)
 A = Elapsed time spent in this place.
 B = Non-inter-level travel time spent in this place.
 C = Inter-level travel time spent in this place.
 D = Time resting spent in this place.
 E = Time spent auto-exploring this place.
 F = Levels seen in this place.
 G = Mean time per level.
                   A        B        C        D        E       F      G
               +--------+--------+--------+--------+--------+-----+--------+
         Total |   2375 |   2321 |     54 |    672 |   1235 |   3 |  791.7 |
       Dungeon |   2375 |   2321 |     54 |    672 |   1235 |   3 |  791.7 |
               +--------+--------+--------+--------+--------+-----+--------+

Top non-repeatable levels by time:
     D:2: 1165 daAuts
     D:1: 1128 daAuts
     D:3: 81 daAuts
